 Dungeon Crawl Stone Soup version 0.29-a0-972-g43c84944fd (webtiles) character file.

Game seed: 6903849923876141247

1844 vnilr the Covert (level 8, 0/33 (36) HPs)
             Began as a Spriggan Enchanter on July 31, 2022.
             Was an Initiate of Dithmenos.
             Slain by a wight
             ... wielding a +3 halberd
              (5 damage)
             ... on level 6 of the Dungeon.
             The game lasted 00:13:21 (8189 turns).

vnilr the Covert (Spriggan Enchanter)               Turns: 8189, Time: 00:13:22

HP:   0/33 (36)     AC:  4    Str:  6    XL:     8   Next: 88%
MP:   4/21          EV: 17    Int: 17    God:    Dithmenos [......]
Gold: 53            SH:  0    Dex: 15    Spells: 13/24 levels left

rFire   . . .      SeeInvis +   a - +2 dagger
rCold   . . .      Faith    .   (no shield)
rNeg    . . .      Spirit   .   b - +0 robe
rPois   .          Reflect  .   (helmet restricted)
rElec   .          Harm     .   e - +1 cloak
rCorr   .          Rampage  .   (gloves unavailable)
Will    +....                   (boots unavailable)
Stlth   +++++.....              (no amulet)
HPRegen 0.11/turn               i - ring of wizardry
MPRegen 0.17/turn               l - ring of flight

@: confusing by touch, flying, drained, very quick
A: very small, no large weapons, unfitting armour, see invisible, speed 3, thin
skeletal structure 1, clumsy 1
a: Renounce Religion


You were on level 6 of the Dungeon.
You worshipped Dithmenos.
Dithmenos was noncommittal.
You visited 2 branches of the dungeon, and saw 7 of its levels.
You also visited: Ossuary.

You collected 365 gold pieces.
You spent 312 gold pieces at shops.

Inventory:

Hand Weapons
 a - a +2 dagger (weapon)
Missiles
 f - 2 throwing nets (quivered)
Armour
 b - a +0 robe (worn)
 e - a +1 cloak (worn)
Jewellery
 i - a ring of wizardry (left hand)
 l - a ring of flight (right hand)
Wands
 k - a wand of digging (5)
Scrolls
 d - a scroll of teleportation
 g - 2 scrolls of identify
 j - a scroll of blinking
Potions
 c - 2 potions of invisibility
 h - a potion of mutation
 m - a potion of berserk rage
 n - a potion of lignification
 o - a potion of haste
 p - 2 potions of might
 q - a potion of degeneration
 r - 2 potions of heal wounds
 s - 3 potions of curing


   Skills:
 - Level 1.1 Short Blades
 - Level 2.6 Dodging
 + Level 10.2 Stealth
 + Level 8.8 Spellcasting
 + Level 9.1 Hexes


You had 13 spell levels left.
You knew the following spells:

 Your Spells              Type           Power      Damage    Failure   Level
a - Ensorcelled Hibernat  Hex/Ice        46%        N/A       1%          2
b - Tukima's Dance        Hex            38%        N/A       1%          3
c - Dazzling Flash        Conj/Hex       46%        N/A       1%          3
d - Confusing Touch       Hex            38%        N/A       1%          3

Your spell library contained the following spells:

 Spells                   Type           Power      Damage    Failure   Level
 Summon Guardian Golem    Hex/Summ       23%        N/A       1%          3
 Apportation              Tloc           14%        N/A       4%          1
 Necrotise                Necr           28%        1d5       4%          1
 Summon Small Mammal      Summ           28%        N/A       4%          1
 Call Canine Familiar     Summ           7%         N/A       12%         3
 Orb of Destruction       Conj           3%         9d5       100%        7
 Spellforged Servitor     Conj/Summ      3%         N/A       100%        7


Dungeon Overview and Level Annotations

Branches:
Dungeon (6/15)             Temple (1/1) D:5         Ossuary (visited)

Altars:
Ashenzari
Cheibriados
Dithmenos
Elyvilon
Fedhas
Gozag
Hepliaklqana
Kikubaaqudgha
Makhleb
Nemelex Xobeh
Okawaru
Qazlal
Ru
Sif Muna
Trog
Uskayaw
Vehumet
Wu Jian
Xom
Yredelemnul
Zin
The Shining One

Shops:
D:5 !


Innate Abilities, Weirdness & Mutations

You are very small and have problems with some larger weapons.
You are too small for most types of armour.
You have supernaturally acute eyesight. (SInv)
You cover ground extremely quickly. (Speed+++)
You have a somewhat thin skeletal structure. (Dex +2, Stealth+)
You are clumsy. (Dex -2)


Message History

Confirm with . or Enter, or press ? or * to list all spells.
Aiming: Tukima's Dance (safe; 1% risk of failure)
Press: ? - help, Shift-Dir - straight line, f - wight
Aim: a wight, wielding a +0 dagger and wearing a +0 robe (chance to affect: 65%)
The wight struggles to resist.
Unknown command.
Casting: Tukima's Dance (safe; 1% risk of failure)
Confirm with . or Enter, or press ? or * to list all spells.
Aiming: Tukima's Dance (safe; 1% risk of failure)
Press: ? - help, Shift-Dir - straight line, f/p - wight
Aim: a wight, wielding a +0 dagger and wearing a +0 robe (chance to affect: 65%)
The wight struggles to resist.
Unknown command.
You hit the wight.
The wight is lightly damaged.
The wight barely misses you.
You hit the wight but do no damage.
The wight is lightly damaged.
The wight hits you with a +0 dagger. The wight misses you.
Casting: Tukima's Dance (safe; 1% risk of failure)
Confirm with . or Enter, or press ? or * to list all spells.
Your hands begin to glow red.
The wight barely misses you.
Casting: Confusing Touch (safe; 1% risk of failure)
Confirm with . or Enter, or press ? or * to list all spells.
Aiming: Tukima's Dance (safe; 1% risk of failure)
Press: ? - help, Shift-Dir - straight line, f/p - wight
Aim: a wight, wielding a +0 dagger and wearing a +0 robe (lightly damaged, chance to confuse on hit: 65%, chance to affect: 65%)
The +0 dagger dances into the air!
The wight closely misses you. The wight hits you with a +3 halberd!
You feel drained.
Unknown command.
Casting: Tukima's Dance (safe; 1% risk of failure)
Confirm with . or Enter, or press ? or * to list all spells.
Aiming: Tukima's Dance (safe; 1% risk of failure)
Press: ? - help, Shift-Dir - straight line, f - wight, p - wight
Aim: a wight, wielding a +3 halberd and wearing a +0 robe (chance to confuse on hit: 65%, chance to affect: 65%)
The wight struggles to resist.
The wight closely misses you. The wight hits you with a +3 halberd!
* * * LOW HITPOINT WARNING * * *
You feel drained.
You die...

##.## #...# ##..(.
#....# ....# # #..#
#########.#
#.#..####.........#
#.....z@.)†.......#
##z#####.###z.>.......#
.....zz..# #..........#
###.(.#### #.(........#
..... ##.........# .##.
#†........# #
#.........# #.........#
##...#####


You could see 2 wights and a friendly +0 dagger.

Vanquished Creatures
  Eustachio (D:4)
  A dancing weapon (D:4)
  Edmund (D:6)
  A water moccasin (D:6)
  An ogre (D:5)
  A phantom (D:5)
  3 elf zombies (Ossuary)
  2 bullfrogs (D:6)
  A necrophage (D:5)
  3 scorpions
  A wight (D:6)
  A howler monkey (D:5)
  A centaur zombie (Ossuary)
  A human zombie (Ossuary)
  2 orc priests (D:5)
  3 hounds (D:5)
  2 jellies
  3 iguanas
  An orc wizard (D:5)
  3 mummies (Ossuary)
  5 adders
  2 shadow imps (D:5)
  A white imp (D:5)
  3 ufetubi (D:5)
  6 adder zombies (Ossuary)
  3 worms
  2 dart slugs
  7 orcs
  7 endoplasms
  4 giant cockroaches
  4 gnoll zombies (Ossuary)
  A goblin (D:1)
  8 hobgoblins
  A quokka (D:2)
  5 ball pythons
  7 bats
  3 frilled lizards
  3 goblin zombies (Ossuary)
  2 hobgoblin zombies (Ossuary)
  A jackal zombie (Ossuary)
  8 kobolds
  7 kobold zombies (Ossuary)
  2 orc zombies (Ossuary)
  2 quokka zombies (Ossuary)
  14 rats
  A rat zombie (Ossuary)
  A spectral hobgoblin (D:1)
143 creatures vanquished.

Vanquished Creatures (collateral kills)
  A wight (D:6)
  Terence (D:3)
  An orc (D:4)
3 creatures vanquished.

Vanquished Creatures (others)
  8 demonic plants (D:5)
8 creatures vanquished.

Grand Total: 154 creatures vanquished

Notes
Turn   | Place    | Note
-------+----------+-------------------------------------------
     0 | D:1      | vnilr the Spriggan Enchanter began the quest for the Orb.
     0 | D:1      | Reached XP level 1. HP: 9/9 MP: 5/5
    27 | D:1      | Found a faded altar of an unknown god.
   514 | D:1      | Reached XP level 2. HP: 13/13 MP: 7/7
   517 | D:1      | Learned a level 2 spell: Ensorcelled Hibernation
  1225 | D:1      | Gained mutation: You are clumsy. (Dex -2) [potion of
                  | mutation]
  1225 | D:1      | Gained mutation: You have a somewhat thin skeletal
                  | structure. (Dex +2, Stealth+) [potion of mutation]
  1461 | D:1      | Reached XP level 3. HP: 16/16 MP: 9/9
  1465 | D:1      | Learned a level 3 spell: Tukima's Dance
  1469 | D:1      | Learned a level 3 spell: Confusing Touch
  1943 | D:2      | Reached XP level 4. HP: 21/21 MP: 11/11
  2126 | D:2      | Reached skill level 5 in Hexes
  2323 | D:3      | Found a sparkling altar of Nemelex Xobeh.
  2327 | D:3      | Found a basalt altar of Yredelemnul.
  2332 | D:3      | Found a burning altar of Makhleb.
  2334 | D:3      | Found a radiant altar of Vehumet.
  2337 | D:3      | Found a stormy altar of Qazlal.
  2338 | D:3      | Found a shimmering blue altar of Sif Muna.
  2341 | D:3      | Found a glowing golden altar of the Shining One.
  2349 | D:3      | Found an opulent altar of Gozag.
  2842 | D:3      | Noticed Terence
  2850 | D:3      | Killed Terence
  3074 | D:3      | Learned a level 3 spell: Dazzling Flash
  3547 | D:4      | Reached skill level 5 in Spellcasting
  3547 | D:4      | Reached XP level 5. HP: 24/24 MP: 11/13
  3702 | D:4      | Noticed Eustachio
  4612 | D:4      | Identified the +6 leather armour of Generosity {rElec Will-
                  | Int-4 Dex+3}
  4638 | D:4      | HP: 1/24 [Eustachio (3)]
  4641 | D:4      | Killed Eustachio
  4642 | D:4      | Reached skill level 5 in Stealth
  4642 | D:4      | Reached XP level 6. HP: 1/28 MP: 8/15
  4959 | D:5      | Entered Level 5 of the Dungeon
  5038 | D:5      | Reached skill level 6 in Stealth
  5039 | D:5      | Found a sand-covered staircase.
  5083 | Ossuary  | Entered an ossuary
  5872 | Ossuary  | Reached XP level 7. HP: 32/32 MP: 13/17
  5966 | Ossuary  | Reached skill level 7 in Stealth
  7214 | D:5      | Reached skill level 8 in Stealth
  7285 | D:5      | Reached XP level 8. HP: 36/36 MP: 17/20
  7485 | D:5      | Reached skill level 9 in Stealth
  7519 | D:5      | Found a staircase to the Ecumenical Temple.
  7524 | Temple   | Entered the Ecumenical Temple
  7586 | Temple   | Became a worshipper of Dithmenos the Shadowed
  7694 | D:5      | Found Tiopty's Distillery.
  7700 | D:5      | Bought a potion of degeneration for 13 gold pieces
  7700 | D:5      | Bought a potion of heal wounds for 65 gold pieces
  7700 | D:5      | Bought a potion of might for 52 gold pieces
  7700 | D:5      | Bought a potion of curing for 39 gold pieces
  7700 | D:5      | Bought a potion of invisibility for 104 gold pieces
  7700 | D:5      | Bought a potion of curing for 39 gold pieces
  7962 | D:6      | Noticed Edmund
  7984 | D:6      | Killed Edmund
  8118 | D:6      | Reached skill level 10 in Stealth
  8189 | D:6      | Slain by a wight

Illustrated notes

Levels and vault maps discovered:
D:1:      dpeg_arrival_ratfight, layout_loops_ring, serial_glass,
          glass_columns_c, glass_columns_a,
          dreamdust_ecumenical_altar_drowned_temple, minmay_tall_x
D:2:      minmay_spotlight, layout_basic, minmay_pentomino_t4
D:3:      layout_loops_ring, nicolae_overflow_hallway_of_the_gods,
          serial_rivers, chequers_serial_rivers_large_a,
          chequers_serial_rivers_micro_a, chequers_serial_rivers_small_3,
          chequers_serial_rivers_micro_d, chequers_serial_rivers_room_b,
          chequers_serial_rivers_large_b, uniq_terence
D:4:      layout_loops_ring, fountainhead, uniq_eustachio
D:5:      layout_loops_ring, temple_statues, nicolae_ossuary_entry_ruins,
          serial_shops, shop, serial_demonic, serial_demonic_c,
          serial_demonic_b, serial_demonic_g, serial_demonic_g
D:6:      layout_loops_cross, uniq_edmund
Temple:   zaba_magenta_temple

Skill      XL: |  1  2  3  4  5  6  7  8 |
---------------+-------------------------+-----
Spellcasting   | 3 4 5 6 7 8 |  8.8
Hexes          | 4 5 6 7 9 |  9.1
Stealth        | 5 6 8 10 | 10.2
Short Blades   | |  1.1
Dodging        | |  2.6

Action                   |  1- 3 |  4- 6 |  7- 9 || total
-------------------------+-------+-------+-------++-------
Melee: Dagger            |   132 |   234 |   197 ||   563
       Punch             |       |     4 |     5 ||     9
 Cast: Ensorcelled Hiber |     9 |    16 |    31 ||    56
       Tukima's Dance    |       |     3 |     8 ||    11
       Confusing Touch   |       |     8 |    18 ||    26
  Use: Scroll            |     3 |     8 |     8 ||    19
       Potion            |     1 |     2 |       ||     3
 Stab: Sleeping          |    19 |    13 |    25 ||    57
       Confused          |       |    10 |    13 ||    23
       Invisible         |       |     1 |       ||     1
       Distracted        |       |       |     1 ||     1
Armor: Robe              |    16 |    44 |    17 ||    77
Dodge: Dodged            |    91 |   200 |   112 ||   403

Table legend: (Time is in decaauts)
 A = Elapsed time spent in this place.
 B = Non-inter-level travel time spent in this place.
 C = Inter-level travel time spent in this place.
 D = Time resting spent in this place.
 E = Time spent auto-exploring this place.
 F = Levels seen in this place.
 G = Mean time per level.
                   A        B        C        D        E       F      G
               +--------+--------+--------+--------+--------+-----+--------+
         Total |   6686 |   6561 |    125 |    643 |   4652 |   8 |  835.8 |
       Dungeon |   5147 |   5033 |    114 |    643 |   3419 |   6 |  857.8 |
        Temple |     48 |     38 |     10 |      0 |     30 |   1 |   48.0 |
       Ossuary |   1490 |   1490 |      0 |      0 |   1202 |   1 | 1490.0 |
               +--------+--------+--------+--------+--------+-----+--------+

Top non-repeatable levels by time:
 Ossuary: 1490 daAuts
     D:1: 1259 daAuts
     D:4: 1191 daAuts
     D:5: 1028 daAuts
     D:3: 847 daAuts
     D:2: 588 daAuts
     D:6: 232 daAuts
  Temple: 48 daAuts
